 Dungeon Crawl Stone Soup version 0.30-a0-439-g9e77e4d916 (webtiles) character file.

Game seed: 15184993632682902301

92880 oldriver the Eclecticist (level 15, -1/127 HPs)
             Began as a Mummy Necromancer on Dec 11, 2022.
             Was an Initiate of Gozag.
             Slain by a wolf spider (10 damage)
             ... summoned by a broodmother
             ... on level 2 of the Spider Nest.
             The game lasted 00:56:49 (32962 turns).

oldriver the Eclecticist (Mummy Necromancer)       Turns: 32962, Time: 00:56:49

Health: -1/127     AC: 25    Str: 12    XL:     15   Next: 59%
Magic:  2/36       EV: 10    Int: 21    God:    Gozag
Gold:   4057       SH:  5    Dex: 16    Spells: 27/48 levels left

rFire   . . .      SeeInvis +    i - +5 trident (protect)
rCold   + + .      Faith    +    o - +0 buckler
rNeg    + + +      Spirit   .    s - +6 scale mail of the Wonderful Stallion {Fly}
rPois   ∞          Reflect  .    K - +0 hat {SInv}
rElec   .          Harm     .    N - scarf {rC+ rF+}
rCorr   .          Rampage  .    C - +1 pair of gloves {Dex+3}
Will    +....                    w - +0 pair of boots
Stlth   +.........               k - amulet of magic regeneration
HPRegen 0.41/turn                l - ring of wizardry
MPRegen 0.65/turn                M - ring of the Tortoise {AC+8}

@: flying, very slightly contaminated, studying Maces & Flails
A: cold resistance 1, negative energy resistance 3, torment resistance 2, heat
vulnerability 1, in touch with death 2, no potions, faith
a: Renounce Religion, Potion Petition, Call Merchant, Bribe Branch


You were on level 2 of the Spider Nest.
You worshipped Gozag.
Gozag was most pleased with you.
You visited 3 branches of the dungeon, and saw 20 of its levels.
You also visited: Sewer, Gauntlet and Ice Cave.

You collected 7100 gold pieces.
You spent 562 gold pieces at shops.
You paid 2481 gold pieces to Gozag.

Inventory:

Hand Weapons
 i - a +5 trident of protection (weapon)
 j - the +5 glaive of the Guard {elec, spectral, AC+5}
   (You found it in a Gauntlet)

   It occasionally discharges a powerful burst of electricity upon striking a
   foe.
   When it strikes, its spirit leaps out and fights alongside the wielder.
   AC:        It affects your AC (+5).
 r - the +7 trident of Xom, Disbelieving {vorpal, rF- Str+2 Dex+4 SInv}
   (You found it on level 8 of the Dungeon)

   It inflicts extra damage upon your enemies.
   Str:       It affects your strength (+2).
   Dex:       It affects your dexterity (+4).
   rF:        It makes you vulnerable to fire.
   SInv:      It lets you see invisible.
Missiles
 L - 4 throwing nets
Armour
 o - a +0 buckler (worn)
 s - the +6 scale mail of the Wonderful Stallion (worn) {Fly}
   (You bought it in a shop on level 8 of the Dungeon)

   Fly:       It grants you flight.
 w - a +0 pair of boots (worn)
 C - a +1 pair of gloves of dexterity (worn)
 K - a +0 hat of see invisible (worn)
 N - a scarf of resistance (worn)
Jewellery
 a - a ring of resist corrosion
 c - a ring of fire
 k - an amulet of magic regeneration (around neck)
 l - a ring of wizardry (left hand)
 m - a ring of wizardry
 y - the ring "Baegeijim" {rPois rN+ Slay+3}
   (You took it off a minotaur in a Gauntlet)

   [ring of positive energy]

   Slay:      It affects your accuracy & damage with ranged weapons and melee
   (+3).
   rPois:     It protects you from poison.
   rN:        It protects you from negative energy.
 E - the necklace of Bloodlust {*Rage Will++ Int-3 Slay+6}
   (You found it on level 4 of the Lair of Beasts)

   [amulet of nothing]

   It extends the wearer's berserk rage when killing foes.
   Int:       It affects your intelligence (-3).
   Slay:      It affects your accuracy & damage with ranged weapons and melee
   (+6).
   *Rage:     It berserks you when you make melee attacks (+50% chance).
   Will:      It greatly increases your willpower.
 M - the ring of the Tortoise (right hand) {AC+8}
   (You found it in an ice cave)

   [ring of protection]

   AC:        It affects your AC (+8).
 P - a +6 ring of intelligence
 R - a +6 ring of strength
Wands
 n - a wand of digging (2)
 u - a wand of roots (14)
 v - a wand of flame (15)
 F - a wand of charming (14)
 I - a wand of mindburst (4)
Scrolls
 b - 4 scrolls of blinking
 d - 4 scrolls of amnesia
 e - 3 scrolls of fear
 f - 3 scrolls of poison
 g - 12 scrolls of teleportation
 h - 3 scrolls of immolation
 p - 5 scrolls of butterflies
 z - a scroll of torment
 G - 6 scrolls of identify
 J - 2 scrolls of magic mapping
 Q - a scroll of summoning
Miscellaneous
 D - a phial of floods


   Skills:
 + Level 14.4 Fighting
 + Level 8.2 Armour
 - Level 3.0 Dodging
 - Level 3.0 Stealth
 - Level 5.0 Shields
 + Level 17.2 Spellcasting
 - Level 9.0 Conjurations
 - Level 5.0 Necromancy
 + Level 9.9 Earth Magic


You had 27 spell levels left.
You knew the following spells:

 Your Spells              Type           Power      Damage    Failure   Level
a - Necrotise             Necr           100%       1d9       1%          1
b - Vampiric Draining     Necr           73%        2d11      2%          3
c - Animate Dead          Necr           73%        N/A       9%          4
d - Stone Arrow           Conj/Erth      100%       3d13      1%          3
i - Iron Shot             Conj/Erth      27%        9d6       21%         6
q - Leda's Liquefaction   Hex/Erth       19%        N/A       9%          4

Your spell library contained the following spells:

 Spells                   Type           Power      Damage    Failure   Level
 Foxfire                  Conj/Fire      100%       2x1d9     1%          1
 Sandblast                Erth           100%       2d20      1%          1
 Passwall                 Tmut/Erth      31%        N/A       1%          2
 Searing Ray              Conj           100%       2d8       1%          2
 Static Discharge         Conj/Air       72%        2-5/arc   1%          2
 Cigotuvi's Dreadful Rot  Necr/Pois/Air  100%       N/A       5%          2
 Mephitic Cloud           Conj/Pois/Air  30%        N/A       6%          3
 Apportation              Tloc           36%        N/A       7%          1
 Summon Small Mammal      Summ           72%        N/A       7%          1
 Animate Armour           Summ/Erth      76%        N/A       9%          4
 Poisonous Vapours        Pois/Air       36%        N/A       11%         2
 Fulminant Prism          Conj/Hex       18%        3d11      11%         4
 Call Canine Familiar     Summ           18%        N/A       21%         3
 Ozocubu's Armour         Ice            18%        N/A       21%         3
 Summon Guardian Golem    Hex/Summ       18%        N/A       21%         3
 Vhi's Electric Charge    Tloc/Air       36%        N/A       21%         3
 Agony                    Necr           73%        N/A       24%         5
 Arcjolt                  Conj/Air       18%        1d28      28%         5
 Lightning Bolt           Conj/Air       18%        1d32      28%         5
 Ozocubu's Refrigeration  Ice            9%         4d9       100%        7
 Summon Hydra             Summ           9%         N/A       100%        7
 Sublimation of Blood     Necr           Unusable   N/A       N/A         2
 Wereblood                Tmut           Unusable   N/A       N/A         2
 Blade Hands              Tmut           Unusable   N/A       N/A         5

Dungeon Overview and Level Annotations

Branches:
Dungeon (13/15)            Temple (0/1) D:5            Lair (5/5) D:8
  Swamp (0/4) Lair:3       Spider (2/4) Lair:2        Slime (0/5) Lair:4
    Orc (0/2) D:12          Sewer (visited)           IceCv (visited)
Gauntlet (visited)
 Vaults: D:13-14

Altars:
Dithmenos
Fedhas
Gozag
Hepliaklqana
Okawaru
Qazlal
Vehumet
Xom
Yredelemnul

Shops:
D:4 [   D:5 (   D:6 ?   D:8 [

Portals:
Trove: D:12 (give 2 scrolls of acquirement)

Annotations:
D:7 1 runed translucent door, Crazy Yiuf
D:10 1 runed translucent door
Lair:4 exclusion: 3 oklob plants


Innate Abilities, Weirdness & Mutations

You are immune to poison.
Your flesh is cold resistant. (rC+)
You are immune to negative energy. (rN+++)
You are immune to unholy pain and torment.
You are vulnerable to heat. (rF-)
You are strongly in touch with the powers of death.
You do not drink.
You have a special connection with the divine. (Faith)


Message History

The wolf spider barely misses you. The broodmother bites you!!
* * * LOW HITPOINT WARNING * * *
Casting: Iron Shot (dangerous; 21% risk of failure)
Confirm with . or Enter, or press ? or * to list all spells.
Aiming: Iron Shot (dangerous; 21% risk of failure)
Press: ? - help, Shift-Dir - straight line, f/p - broodmother
Aim: a broodmother (heavily wounded, 94% to hit)
You miscast Iron Shot.
You are very lightly contaminated with residual magic.
Nothing appears to happen.
The wolf spider hits you but does no damage.
The wolf spider bites you.
* * * LOW HITPOINT WARNING * * *
The broodmother closely misses you.
The jumping spider leaps!
The wolf spider closely misses you.
The wolf spider bites you but does no damage.
Casting: Iron Shot (dangerous; 21% risk of failure)
Confirm with . or Enter, or press ? or * to list all spells.
Aiming: Iron Shot (dangerous; 21% risk of failure)
Press: ? - help, Shift-Dir - straight line, f/p - broodmother
Aim: a broodmother (heavily wounded, 94% to hit)
The iron shot hits the broodmother!!
The broodmother is severely wounded.
The wolf spider hits you but does no damage.
The wolf spider bites you but does no damage.
The broodmother closely misses you.
Casting: Iron Shot (dangerous; 21% risk of failure)
Confirm with . or Enter, or press ? or * to list all spells.
Aiming: Iron Shot (dangerous; 21% risk of failure)
Press: ? - help, Shift-Dir - straight line, f/p - broodmother
Aim: a broodmother (severely wounded, 94% to hit)
The iron shot hits the broodmother!!
The broodmother is almost dead.
You block the wolf spider's attack.
The wolf spider bites you but does no damage.
The broodmother bites you!
* * * LOW HITPOINT WARNING * * *
A spider bursts forth from the wound!
The wolf spider hits you!
You die...
Your body crumbles into a pile of gold.

#.........#####.#...
#.........# ##.....
#........# #......
#...s....# ##......
#.!..s..####.......
##...°.............
####..#..###......
###..#....###.....
##@#.#......###....
#s#s.........#..^..
##.#s#..........###.
#....#..........# ##
###.............# #
##............##
##.............##
#........^.[....####
###.#.........##..##


You could see a broodmother, a wolf spider (summoned) and a culicivora
(summoned).

Vanquished Creatures
  Gastronok (D:10)
  Donald (Spider:1)
  Aizul (Spider:1)
  A broodmother (Spider:2)
  A minotaur (Gauntlet)
  Josephine (D:11)
  3 hydras
  Harold (D:11)
  2 ironbound frosthearts (IceCv)
  A centaur warrior (D:10)
  A radroach (Spider:2)
  3 catoblepae (Lair:5)
  2 two-headed ogres
  3 boulder beetles
  A tengu warrior (D:13)
  12 death yaks
  2 sun moths
  4 pharaoh ants
  3 steelbarb worms
  A death drake (Gauntlet)
  3 orb spiders
  8 wolf spiders
  3 manticores
  An ugly thing (D:12)
  5 cyclopes
  A moth of wrath (Spider:2)
  11 elephants
  An ice statue (IceCv)
  4 black mambas
  3 torpor snails (Spider:2)
  2 gargoyles
  A minotaur zombie (Gauntlet)
  3 kobold demonologists
  12 cane toads
  3 rime drakes
  3 demonic crawlers (Spider:1)
  10 komodo dragons
  7 trolls
  Grinder (D:6)
  10 polar bears
  3 hornets
  17 tarantellas
  15 blink frogs
  4 slime creatures (D:13)
  8 jumping spiders
  5 wraiths
  7 culicivoras
  4 wyverns
  93 yaks
  A shadow (D:12)
  Grum (D:8)
  2 basilisks
  7 vampire mosquitoes
  28 redbacks
  2 acid dragons
  19 water moccasins
  3 orc warriors
  2 black bears
  An ogre (D:12)
  33 wolves
  3 centaurs
  3 small abominations (Gauntlet)
  A phantom (D:5)
  7 kobold brigands
  17 bullfrogs
  4 necrophages
  5 scorpions
  3 killer bees (D:8)
  4 howler monkeys
  An electric eel (D:8)
  2 jellies
  5 hounds
  A gnoll bouda (D:9)
  4 orc priests
  3 iguanas
  6 orc wizards
  4 hell rats (Lair:4)
  4 gnolls (D:9)
  9 adders
  2 river rats (D:3)
  14 white imps
  2 worms (D:3)
  3 dart slugs
  39 orcs
  5 endoplasms
  10 giant cockroaches
  2 goblins
  5 hobgoblins
  30 kobolds
  5 quokkas
  12 ball pythons
  9 bats
  3 frilled lizards
  A jackal zombie (D:10)
  12 rats
632 creatures vanquished.

Vanquished Creatures (collateral kills)
  A gnoll (D:3)
  A frilled lizard (D:2)
  2 rats
4 creatures vanquished.

Vanquished Creatures (others)
  An orc (D:8)
  4 bushes
  25 fungi
  61 plants
91 creatures vanquished.

Grand Total: 727 creatures vanquished

Notes
Turn   | Place    | Note
-------+----------+-------------------------------------------
     0 | D:1      | oldriver the Mummy Necromancer began the quest for the Orb.
     0 | D:1      | Reached XP level 1. HP: 13/13 MP: 4/4
   172 | D:1      | Reached skill level 3 in Spellcasting
   223 | D:1      | Reached skill level 1 in Fighting
   229 | D:1      | Reached XP level 2. HP: 14/21 MP: 1/6
  1256 | D:2      | Gained mutation: You are in touch with the powers of death.
                  | [Mummy growth]
  1256 | D:2      | Reached XP level 3. HP: 27/27 MP: 1/8
  1400 | D:2      | Noticed a black bear
  1437 | D:2      | Killed a black bear
  1438 | D:2      | Reached skill level 4 in Spellcasting
  1438 | D:2      | Reached XP level 4. HP: 35/35 MP: 2/10
  1585 | D:2      | Reached XP level 5. HP: 41/41 MP: 10/12
  1933 | D:2      | Reached skill level 5 in Spellcasting
  1950 | D:2      | Learned a level 3 spell: Vampiric Draining
  1955 | D:2      | Learned a level 4 spell: Animate Dead
  1959 | D:2      | Learned a level 3 spell: Stone Arrow
  2640 | D:3      | Found a faded altar of an unknown god.
  2978 | D:3      | Found a glowing drain.
  2992 | D:3      | HP: 2/41 [river rat (3)]
  2995 | Sewer    | Entered a sewer
  3173 | Sewer    | Noticed a water moccasin
  3195 | Sewer    | Killed a water moccasin
  3196 | Sewer    | Reached skill level 1 in Conjurations
  3196 | Sewer    | Reached skill level 1 in Earth Magic
  3196 | Sewer    | Reached XP level 6. HP: 27/48 MP: 4/14
  3855 | D:4      | Found an opulent altar of Gozag.
  4184 | D:4      | Became a worshipper of Gozag Ym Sagoz the Greedy
  4547 | D:4      | Found Pihirat's Armour Emporium.
  4608 | D:5      | Entered Level 5 of the Dungeon
  4739 | D:5      | Reached XP level 7. HP: 41/54 MP: 6/15
  4923 | D:5      | Found Guath's Firing Range.
  5272 | D:5      | Reached skill level 6 in Spellcasting
  5272 | D:5      | Reached skill level 5 in Necromancy
  5476 | D:5      | Found a hazy altar of Hepliaklqana.
  5477 | D:5      | Found a shimmering altar of Xom.
  5478 | D:5      | Noticed a spectral ugly thing
  5651 | D:5      | Found a staircase to the Ecumenical Temple.
  6535 | D:4      | Bought a +0 pair of gloves for 54 gold pieces
  6665 | D:6      | Reached XP level 8. HP: 60/61 MP: 3/17
  6821 | D:6      | Found Daff's Magic Scroll Shoppe.
  6829 | D:6      | Bought a scroll of fear for 52 gold pieces
  6829 | D:6      | Bought 2 scrolls of teleportation for 78 gold pieces
  6958 | D:6      | Reached skill level 5 in Fighting
  7005 | D:6      | Reached skill level 7 in Spellcasting
  7065 | D:6      | Noticed Grinder
  7077 | D:6      | Killed Grinder
  7784 | D:7      | Reached skill level 1 in Armour
  7784 | D:7      | Reached skill level 8 in Spellcasting
  7862 | D:7      | Reached XP level 9. HP: 69/69 MP: 5/21
  8442 | D:7      | Found a runed translucent door.
  8443 | D:7      | Noticed Crazy Yiuf
  8647 | D:8      | Noticed Grum
  8693 | D:8      | Killed Grum
  8798 | D:8      | Identified the +7 trident of Xom, Disbelieving {vorpal, rF-
                  | Str+2 Dex+4 SInv}
  9323 | D:8      | Noticed a kobold demonologist
  9444 | D:8      | Found Hucvass's Antique Armour Emporium.
  9452 | D:8      | Bought a crude scale mail for 252 gold pieces
  9452 | D:8      | Identified the +6 scale mail of the Wonderful Stallion
                  | {Fly} (You bought it in a shop on level 8 of the Dungeon)
  9547 | D:8      | Reached skill level 1 in Shields
  9547 | D:8      | Reached skill level 9 in Spellcasting
  9668 | D:8      | Reached XP level 10. HP: 79/79 MP: 14/23
  9708 | D:8      | Found a staircase to the Lair.
 10205 | D:8      | Noticed an orange demon
 10232 | D:8      | Noticed a sixfirhy
 10641 | D:8      | Noticed an orange demon
 10895 | Lair:1   | Entered Level 1 of the Lair of Beasts
 11656 | Lair:2   | Noticed a six-headed hydra
 11664 | Lair:2   | Killed a six-headed hydra
 11665 | Lair:2   | Reached skill level 5 in Conjurations
 11665 | Lair:2   | Reached skill level 5 in Earth Magic
 11746 | Lair:2   | Reached skill level 10 in Spellcasting
 11933 | Lair:2   | Reached XP level 11. HP: 86/86 MP: 16/25
 12007 | Lair:2   | Found a hole to the Spider Nest.
 12801 | D:8      | Bought a cloak for 126 gold pieces
 13245 | Lair:3   | Found a staircase to the Swamp.
 13408 | Lair:3   | Reached skill level 5 in Armour
 13674 | Lair:3   | Reached skill level 11 in Spellcasting
 14101 | Lair:3   | Reached skill level 5 in Shields
 14753 | Lair:4   | Found a gate leading to a gauntlet.
 14763 | Gauntlet | Entered a Gauntlet
 14763 | Gauntlet | Found a runed translucent door.
 14763 | Gauntlet | Found a transporter.
 14763 | Gauntlet | Found a runed translucent door.
 14763 | Gauntlet | Found a transporter.
 14774 | Gauntlet | Found a transporter.
 14774 | Gauntlet | Found the +5 glaive of the Guard {elec, spectral, AC+5}
 14778 | Gauntlet | Found a transporter.
 14781 | Gauntlet | Noticed a catoblepas
 14788 | Gauntlet | Found a transporter.
 14790 | Gauntlet | Found a transporter.
 14792 | Gauntlet | Noticed a blizzard demon
 14800 | Gauntlet | Found a transporter.
 14818 | Gauntlet | Found a transporter.
 14818 | Gauntlet | Noticed a death drake
 14836 | Gauntlet | Found a transporter.
 14840 | Gauntlet | Found a transporter.
 14851 | Gauntlet | Found a transporter.
 14852 | Gauntlet | Found a transporter.
 14930 | Gauntlet | Reached XP level 12. HP: 84/97 MP: 16/27
 15131 | Gauntlet | Identified the ring "Baegeijim" {rPois rN+ Slay+3}
 15131 | Gauntlet | Noticed a minotaur
 15158 | Gauntlet | Killed a minotaur
 15159 | Gauntlet | Reached skill level 12 in Spellcasting
 15305 | Gauntlet | Got the Vellum of the Kinetic Mountains
 15436 | Lair:4   | Reached skill level 10 in Fighting
 15925 | Lair:4   | Found a staircase to the Slime Pits.
 15937 | Lair:4   | Found the necklace of Bloodlust {*Rage Will++ Int-3 Slay+6}
 16054 | Lair:4   | Found a blossoming altar of Fedhas.
 16185 | Lair:4   | Reached skill level 13 in Spellcasting
 16529 | Lair:4   | Noticed a death yak
 16538 | Lair:4   | Killed a death yak
 16745 | Lair:4   | Noticed a death yak
 16745 | Lair:4   | Noticed a death yak
 16760 | Lair:4   | Killed a death yak
 16765 | Lair:4   | Killed a death yak
 17128 | Lair:5   | Entered Level 5 of the Lair of Beasts
 17224 | Lair:4   | Reached skill level 14 in Spellcasting
 17742 | Lair:5   | Noticed an eight-headed hydra
 17808 | Lair:5   | Noticed a death yak
 17854 | Lair:4   | Gained mutation: You are strongly in touch with the powers
                  | of death. [Mummy growth]
 17854 | Lair:4   | Reached XP level 13. HP: 84/107 MP: 23/31
 20792 | Lair:5   | Reached skill level 15 in Spellcasting
 21765 | D:10     | Entered Level 10 of the Dungeon
 21935 | D:10     | Found a runed translucent door.
 21946 | D:10     | Found a basalt altar of Yredelemnul.
 22316 | D:10     | Found a radiant altar of Vehumet.
 22631 | D:10     | Reached XP level 14. HP: 116/116 MP: 15/33
 22742 | D:10     | Found a shadowy altar of Dithmenos.
 22742 | D:10     | Found an iron altar of Okawaru.
 22793 | D:10     | Found a stormy altar of Qazlal.
 22815 | D:10     | Noticed Gastronok
 22825 | D:10     | Killed Gastronok
 22914 | D:11     | Noticed Josephine
 22968 | D:11     | Noticed Harold
 22976 | D:11     | Killed Harold
 23001 | D:11     | Found a frozen archway.
 23068 | IceCv    | Entered an ice cave
 23138 | IceCv    | Learned a level 6 spell: Iron Shot
 23145 | IceCv    | Learned a level 4 spell: Leda's Liquefaction
 24211 | IceCv    | Found the ring of the Tortoise {AC+8}
 25046 | D:11     | Identified the +3 leather armour "Nulesuad" {Str+5 Int-4
                  | Dex+2}
 25059 | D:11     | Killed Josephine
 25399 | D:11     | Identified the +6 short sword of Luurucw {speed, rElec
                  | Str-5 Dex+3}
 25461 | D:11     | Reached skill level 16 in Spellcasting
 25963 | D:12     | Found a staircase to the Orcish Mines.
 26201 | D:12     | Found a portal to a secret trove of treasure.
 27914 | Spider:1 | Entered Level 1 of the Spider Nest
 27962 | Spider:1 | HP: 5/119 [wolf spider (2)]
 27962 | Spider:1 | HP: 1/119 [wolf spider (4)]
 28870 | Spider:1 | Reached XP level 15. HP: 122/125 MP: 11/35
 29991 | Spider:1 | Noticed Donald
 30318 | Spider:1 | Killed Donald
 30449 | Spider:1 | Noticed Aizul
 30657 | Spider:1 | Killed Aizul
 31637 | Spider:2 | Reached skill level 17 in Spellcasting
 31677 | Spider:2 | HP: 6/127 [torpor snail (10)]
 32962 | Spider:2 | Slain by a wolf spider

Illustrated notes

Levels and vault maps discovered:
D:1:      matt_arrival_los_fun, layout_basic
D:2:      layout_basic, minmay_pentomino_v4
D:3:      layout_loops_cross, shapermc_ecumenical_altar_petra,
          portal_sewer_entry_e, minmay_strange_pillars, st_stairs_12
D:4:      layout_cave_pods, mainiacjoe_overflow_cross_hatched,
          nicolae_gozag_seed_capital, serial_shops, kennysheep_mini,
          supply_closet_lemuel, minmay_misc_feat_tiny
D:5:      layout_loops_corners, regret_index_temple_of_mockery,
          minmay_temple_entry_ruins, nicolae_shop_firing_range
D:6:      layout_gridville, serial_shops, nicolae_shop_stone, uniq_grinder
D:7:      layout_basic, grunt_ministairs_14, kennysheep_opposing_triangles,
          uniq_crazy_yiuf_cottage
D:8:      layout_basic, minmay_lair_entry_grove, serial_shops,
          nicolae_shop_temple_entry_statues_fountains, serial_bayou_pond_b,
          minivault_24, uniq_grum
D:9:      layout_rooms
D:10:     layout_loops_ring, dk_yredelemnul_ordeal,
          gammafunk_temple_overflow_forgotten, overflow_temple_1_default,
          uniq_gastronok
D:11:     layout_loops_ring, portal_ice_cave_entry_imps, uniq_harold,
          uniq_josephine
D:12:     layout_irregular_city, erik_orc_3, enter_trove_0, minmay_starry_boxes
D:13:     layout_cross, serial_shops, nicolae_take_the_stairs
Lair:1:   layout_cave_pods
Lair:2:   layout_chaotic_city, spider_nest_entry_rubble
Lair:3:   beast_lair_carwin_large_2, layout_loops_ring, swamp_mist,
          chequers_serial_rivers_micro_d, ldierk_geyser,
          infiniplex_staircase_pool
Lair:4:   layout_layer_cave, minmay_slime_entry_oklob_open,
          gauntlet_entry_generic, serial_bayou_ford_a, hangedman_tree_tricks,
          beast_lair_carwin_10, serial_bayou_shore_b
Lair:5:   evilmike_catoblepas_cave, layout_hall_layers
Spider:1: layout_spider_delve, hangedman_spider_tarantella_strand, uniq_donald,
          uniq_aizul
Spider:2: layout_chambers

Skill      XL: |  1  2  3  4  5  6  7  8  9 10 11 12 13 14 15 |
---------------+----------------------------------------------+-----
Spellcasting   | 3 4 5 6 8 9 10 11 14 15 16 17 | 17.2
Fighting       | 1 3 4 6 7 8 9 11 12 13 14 | 14.4
Conjurations   | 1 2 3 4 5 6 8 9 |  9.0
Earth Magic    | 1 2 3 4 5 6 7 8 9 |  9.9
Necromancy     | 5 |  5.0
Stealth        | 2 3 |  3.0
Armour         | 1 3 4 5 6 7 8 |  8.2
Dodging        | 2 3 |  3.0
Shields        | 1 3 5 |  5.0

Action                   |  1- 3 |  4- 6 |  7- 9 | 10-12 | 13-15 || total
-------------------------+-------+-------+-------+-------+-------++-------
Melee: Hand axe          |     9 |    22 |    44 |    15 |       ||    90
       Punch             |       |       |     1 |     2 |       ||     3
       Trident           |       |       |       |   234 |   128 ||   362
 Cast: Necrotise         |    53 |   102 |    99 |       |       ||   254
       Vampiric Draining |       |     9 |     7 |    58 |    63 ||   137
       Stone Arrow       |       |       |   102 |   357 |   942 ||  1401
       Leda's Liquefacti |       |       |       |       |    18 ||    18
       Iron Shot         |       |       |       |       |    15 ||    15
Invok: Potion Petition   |       |       |       |     1 |     4 ||     5
Evoke: Wand              |       |       |       |       |     4 ||     4
  Use: Scroll            |       |     5 |     5 |    11 |     8 ||    29
 Stab: Distracted        |       |       |       |     4 |     6 ||    10
Armor: Robe              |     3 |    17 |    17 |       |       ||    37
       Scale mail        |       |       |     8 |   353 |   454 ||   815
Dodge: Dodged            |    14 |    52 |    79 |   267 |   365 ||   777
Block: Buckler           |       |       |       |   112 |   226 ||   338

Table legend: (Time is in decaauts)
 A = Elapsed time spent in this place.
 B = Non-inter-level travel time spent in this place.
 C = Inter-level travel time spent in this place.
 D = Time resting spent in this place.
 E = Time spent auto-exploring this place.
 F = Levels seen in this place.
 G = Mean time per level.
                   A        B        C        D        E       F      G
               +--------+--------+--------+--------+--------+-----+--------+
         Total |  33187 |  31488 |   1699 |   6754 |  17686 |  23 | 1442.9 |
       Dungeon |  15956 |  14844 |   1112 |   2042 |   9896 |  13 | 1227.4 |
          Lair |  10658 |  10093 |    565 |   2963 |   4904 |   5 | 2131.6 |
   Spider Nest |   3884 |   3864 |     20 |   1004 |   1841 |   2 | 1942.0 |
         Sewer |    314 |    314 |      0 |    187 |     62 |   1 |  314.0 |
      Ice Cave |   1720 |   1720 |      0 |    352 |    845 |   1 | 1720.0 |
      Gauntlet |    651 |    651 |      0 |    206 |    138 |   1 |  651.0 |
               +--------+--------+--------+--------+--------+-----+--------+

Top non-repeatable levels by time:
  Lair:4: 3482 daAuts
  Lair:2: 2375 daAuts
  Lair:5: 2288 daAuts
Spider:1: 2191 daAuts
     D:8: 1993 daAuts
     D:5: 1928 daAuts
     D:7: 1721 daAuts
   IceCv: 1720 daAuts
Spider:2: 1692 daAuts
    D:12: 1591 daAuts
  Lair:3: 1557 daAuts
     D:1: 1212 daAuts
     D:2: 1205 daAuts
    D:11: 1203 daAuts
    D:10: 1196 daAuts
